 Dungeon Crawl Stone Soup version 0.16.1-30-g34a7ffa (webtiles) character file.

895 karol the Fighter (level 7, -8/103 HPs)
             Began as a Minotaur Berserker on June 30, 2015.
             Was a High Priest of Trog.
             Mangled by Duvessa
             ... wielding a +0 short sword
              (9 damage)
             ... on level 5 of the Dungeon.
             The game lasted 00:17:01 (4608 turns).

karol the Fighter (Minotaur Berserker)              Turns: 4608, Time: 00:17:02

Health: -8/103     AC:  6    Str: 29    XL:     7   Next: 78%
Magic:  3/3        EV: 10    Int:  4    God:    Trog [*****.]
Gold:   246        SH:  2    Dex:  9    Spells: 0 memorised, 6 levels left

rFire  . . .     SeeInvis .     p - +0 flail
rCold  . . .     Clarity  .     a - +0 scale mail
rNeg   . . .     SustAb   .     g - +0 buckler
rPois  .         Gourm    .     (helmet restricted)
rElec  .         Spirit   .     (no cloak)
rCorr  .         Warding  .     (no gloves)
rMut   .         Stasis   .     (no boots)
MR     .....                    (no amulet)
Stlth  ..........               (no ring)
                                (no ring)

@: berserking, very quick, not resistant to hostile enchantments, extremely
unstealthy
A: retaliatory headbutt, horns 2
a: Burn Spellbooks, Berserk, Trog's Hand, Brothers in Arms, Renounce Religion


You were on level 5 of the Dungeon.
You worshipped Trog.
Trog was extremely pleased with you.
You were not hungry.

You visited 1 branch of the dungeon, and saw 5 of its levels.

You collected 246 gold pieces.

Inventory:

Hand weapons
 p - a +0 flail (weapon)
Missiles
 s - 5 silver tomahawks (quivered)
Armour
 a - a +0 scale mail (worn)
 g - a +0 buckler (worn)
Jewellery
 w - the ring of Phodyv {rPois Str+3 Int+3, unknown}
   (You found it on level 4 of the Dungeon)

   [ring of poison resistance]

   It affects your strength (+3).
   It affects your intelligence (+3).
   It protects you from poison.
Magical devices
 f - a wand of random effects (36)
 l - a wand of magic darts (27)
Scrolls
 b - 4 scrolls of identify {unknown}
 d - 7 scrolls of remove curse
 m - 3 scrolls of magic mapping {unknown}
 n - 2 scrolls of teleportation {unknown}
 r - a scroll of enchant armour {unknown}
Potions
 e - 7 potions of curing {unknown}
 h - a potion of haste {unknown}
 i - 2 potions of agility {unknown}
 j - a potion of resistance {unknown}
 k - a potion of poison {unknown}
 q - a potion of brilliance {unknown}
 t - a potion of heal wounds {unknown}
 u - a potion of magic {unknown}
 x - a potion of flight {unknown}
 z - a potion of mutation {unknown}
Comestibles
 c - a bread ration
 o - 2 meat rations
 v - 2 fruits


   Skills:
 + Level 8.8 Fighting
 - Level 7.0 Maces & Flails
 - Level 2.4 Armour
 - Level 2.1 Dodging
 - Level 2.9 Unarmed Combat


You had 6 spell levels left.
You didn't know any spells.

Dungeon Overview and Level Annotations

Branches:
Dungeon (5/15)
 Temple: D:4-7

Altars:
Fedhas
Kikubaaqudgha
Sif Muna

Annotations:
D:5 Duvessa


Innate Abilities, Weirdness & Mutations

You reflexively headbutt those who attack you in melee.
You have a pair of horns on your head.


Message History

You sock Duvessa! You headbutt Duvessa.
Duvessa is heavily wounded.
Duvessa hits you with a short sword!
Drink which item? (? for menu, Esc to quit)
Okay, then.
Use which ability? (? or * to list)
A red film seems to cover your vision as you go berserk!
You feel yourself moving faster!
You feel mighty!
You feel somewhat more hungry. Duvessa hits you with a short sword!
* * * LOW HITPOINT WARNING * * *
Duvessa hits you with a short sword!
* * * LOW HITPOINT WARNING * * *
You hit Duvessa but do no damage. Your headbutt misses Duvessa.
Duvessa is heavily wounded.
Duvessa hits you with a short sword!
* * * LOW HITPOINT WARNING * * *
You thump Duvessa!
Duvessa is almost dead.
Duvessa hits you with a short sword!
You die...

#.#.###### #........#
.# .#####...####.##.
...).....# #....
#........####...
###.........#..# ####
#####.###....# ....
#######.# #..###..#
........#####...@e..#
#######........####.#
########......#
#######


You could see Duvessa (berserk).

Vanquished Creatures
  Eustachio (D:4)
  Menkaure (D:4)
  An ogre (D:4)
  An orc priest (D:3)
  Dowan (D:5)
  A centaur skeleton (D:4)
  A giant frog skeleton (D:4)
  2 worker ants (D:4)
  7 orc wizards
  Robin (D:2)
  3 adders
  A shadow imp (D:5)
  A giant mite (D:4)
  4 worms
  An adder skeleton (D:4)
  A giant gecko (D:2)
  An ooze (D:2)
  12 orcs
  11 bats
  3 giant cockroaches
  21 goblins
  16 hobgoblins
  3 quokkas
  2 ball pythons
  2 giant newts
  6 jackals (D:2)
  10 kobolds
  10 rats
125 creatures vanquished.

Notes
Turn   | Place    | Note
--------------------------------------------------------------
     0 | D:1      | karol, the Minotaur Berserker, began the quest for the Orb.
     0 | D:1      | Reached XP level 1. HP: 19/19 MP: 1/1
   174 | D:1      | Reached skill level 1 in Unarmed Combat
   212 | D:1      | Reached XP level 2. HP: 17/27 MP: 1/1
   519 | D:1      | Acquired Trog's second power
   707 | D:2      | Found a blossoming altar of Fedhas.
   851 | D:2      | Reached XP level 3. HP: 30/33 MP: 2/2
  1316 | D:2      | Reached skill level 4 in Maces & Flails
  1633 | D:2      | Noticed Robin
  1665 | D:2      | Reached XP level 4. HP: 32/40 MP: 2/2
  1682 | D:2      | Killed Robin
  1682 | D:2      | Reached skill level 5 in Maces & Flails
  2229 | D:3      | Reached XP level 5. HP: 17/46 MP: 2/2
  2239 | D:3      | Reached skill level 6 in Maces & Flails
  2433 | D:3      | Acquired Trog's third power
  3316 | D:4      | Reached skill level 7 in Maces & Flails
  3410 | D:4      | Received a gift from Trog
  3416 | D:4      | Reached XP level 6. HP: 41/52 MP: 3/3
  3491 | D:4      | Noticed an ogre
  3497 | D:4      | Killed an ogre
  3497 | D:4      | Reached skill level 5 in Fighting
  3724 | D:4      | Found a deep blue altar of Sif Muna.
  3725 | D:4      | Found an ancient bone altar of Kikubaaqudgha.
  3775 | D:4      | Noticed Eustachio
  3799 | D:4      | Killed Eustachio
  3799 | D:4      | Reached XP level 7. HP: 64/64 MP: 3/3
  3988 | D:4      | Noticed Menkaure
  3999 | D:4      | Killed Menkaure
  3999 | D:4      | Reached skill level 8 in Fighting
  4343 | D:4      | Got a translucent ivory ring
  4496 | D:5      | Entered Level 5 of the Dungeon
  4526 | D:5      | Noticed Dowan
  4532 | D:5      | Noticed Duvessa
  4552 | D:5      | Killed Dowan
  4607 | D:5      | HP: 1/103 [Duvessa/short sword (12)]
  4608 | D:5      | Mangled by Duvessa

Action                   |  1- 3 |  4- 6 |  7- 9 || total
-------------------------+-------+-------+-------++-------
Melee: Mace              |   103 |    34 |       ||   137
       Flail             |       |   110 |    75 ||   185
Throw: Tomahawk          |       |       |     5 ||     5
Invok: Berserk           |     1 |     3 |     1 ||     5
       Trog's Hand       |       |     1 |       ||     1
  Use: Scroll            |       |       |     1 ||     1
  Eat: Chunk             |     2 |     7 |       ||     9
       Pizza             |     1 |       |       ||     1
       Bread ration      |       |     1 |       ||     1
       Royal jelly       |       |       |     2 ||     2
